 Dungeon Crawl Stone Soup version 0.25-a0-87-ga3d287b (webtiles) character file.

Game seed: 5751946271523304281, levelgen mode: deterministic

182859 BoppinsLewinski the Stickfighter (level 17, 0/138 HPs)
             Began as a Demonspawn Gladiator on Nov 11, 2019.
             Was a Follower of Makhleb.
             Succumbed to a sea snake's poison
             ... on level 4 of the Shoals.
             The game lasted 02:16:04 (42938 turns).

BoppinsLewinski the Stickfighter (DsGl)            Turns: 42938, Time: 02:16:05

Health: 0/138      AC: 28    Str: 23    XL:     17   Next: 72%
Magic:  26/26      EV: 16    Int: 12    God:    Makhleb [*.....]
Gold:   4490       SH:  0    Dex: 15    Spells: 16/16 levels left

rFire    + + .     SeeInvis +   D - +7 lajatang of Order {silver, rMut}
rCold    . . .     Gourm    .   (shield currently unavailable)
rNeg     . . .     Faith    .   E - +8 plate armour "Oghipal" {*Contam rF++ rCorr SInv}
rPois    .         Spirit   .   P - +0 hat of the Castellan {Slay+5}
rElec    .         Reflect  .   K - scarf {cloud immunity}
rCorr    +         Harm     .   g - +2 pair of gloves "Ekhlax" {Slay+3}
rMut     +                      F - +0 pair of boots
MR       +++..                  M - amulet of rage
Stlth    ..........             s - ring of protection from magic
HPRegen  0.33/turn              b - ring of protection from magic
MPRegen  0.20/turn

@: lethally poisoned (0 -> -125), studying Invocations
A: talons 2, clever 1, demonic guardian 1, foul stench 2, strong 1, rot
immunity, sturdy frame 2
a: Renounce Religion, Evoke Berserk Rage


You were on level 4 of the Shoals.
You worshipped Makhleb.
Makhleb was aware of your devotion.
You were not hungry.

You visited 5 branches of the dungeon, and saw 28 of its levels.
You also visited: Gauntlet and Ice Cave.

You collected 12255 gold pieces.
You spent 5086 gold pieces at shops.
You paid 2679 gold pieces to Gozag.

Inventory:

Hand Weapons
 a - a +8 quarterstaff
 D - the +7 lajatang of Order (weapon) {silver, rMut}
   (You bought it in a shop on level 5 of the Dungeon)

   It protects you from mutation.
Armour
 g - the +2 pair of gloves "Ekhlax" (worn) {Slay+3}
   (You found it on level 2 of the Shoals)

   It affects your accuracy and damage with ranged weapons and melee attacks
   (+3).
 t - a +1 cloak of cold resistance
 E - the +8 plate armour "Oghipal" (worn) {*Contam rF++ rCorr SInv}
   (You bought it in a shop on level 5 of the Dungeon)

   It greatly protects you from fire.
   It lets you see invisible.
   It causes magical contamination when unequipped.
   It provides partial protection from all sources of acid and corrosion.
 F - a +0 pair of boots (worn)
 K - a scarf of cloud immunity (worn)
 P - the +0 hat of the Castellan (worn) {Slay+5}
   (You found it in a Gauntlet)

   It affects your accuracy and damage with ranged weapons and melee attacks
   (+5).
Jewellery
 b - a ring of protection from magic (right hand)
 h - an uncursed ring of flight
 r - an uncursed ring of protection from cold
 s - a ring of protection from magic (left hand)
 x - an uncursed ring of positive energy
 A - a +3 ring of strength
 M - an amulet of rage (around neck)
Wands
 e - a wand of iceblast (28)
 j - a wand of flame (11)
Scrolls
 c - 3 scrolls of enchant weapon
 i - 8 scrolls of immolation
 k - 2 scrolls of amnesia
 l - 16 scrolls of remove curse
 u - 6 scrolls of enchant armour
 z - a scroll of holy word
 C - 5 scrolls of teleportation
 N - a scroll of summoning
 S - a scroll of fear
 X - a scroll of blinking
 Y - a scroll of magic mapping
Potions
 q - 4 potions of cancellation
 w - 5 potions of mutation
 I - a potion of agility
 O - 2 potions of haste
 R - a potion of degeneration
Books
 n - a manual of Invocations
Miscellaneous
 v - a fan of gales (inert)
 y - 2 boxes of beasts
 H - a sack of spiders
 Q - a phial of floods (inert)
Comestibles
 f - 11 rations


   Skills:
 * Level 13.7 Fighting
 - Level 16.6 Staves
 - Level 1.7 Throwing
 + Level 12.5 Armour
 + Level 12.9 Dodging
 + Level 7.1 Invocations
 + Level 12.7 Evocations


You had 16 spell levels left.
You didn't know any spells.
Your spell library contained the following spells:

 Spells                   Type           Power        Failure   Level  Hunger
 Animate Skeleton         Necr           N/A          80%         1    ##.....
 Apportation              Tloc           #.....       80%         1    ##.....
 Confusing Touch          Hex            #.....       80%         1    ##.....
 Infusion                 Chrm           #...         80%         1    ##.....
 Magic Dart               Conj           #...         80%         1    ##.....
 Sandblast                Erth           #.....       80%         1    ##.....
 Summon Small Mammal      Summ           #...         80%         1    ##.....
 Passwall                 Tmut/Erth      #.......     90%         2    ###....
 Poisonous Vapours        Pois/Air       #.....       90%         2    ###....
 Searing Ray              Conj           #.....       90%         2    ###....
 Shroud of Golubria       Chrm/Tloc      #.....       90%         2    ###....
 Song of Slaying          Chrm           #.......     90%         2    ###....
 Conjure Flame            Conj/Fire      #.......     99%         3    ####...
 Dazzling Spray           Conj/Hex       #.....       99%         3    ####...
 Ignite Poison            Fire/Tmut/Pois #.......     99%         3    ####...
 Mephitic Cloud           Conj/Pois/Air  #.......     99%         3    ####...
 Regeneration             Chrm/Necr      #.........   99%         3    ####...
 Spectral Weapon          Hex/Chrm       #.......     99%         3    ####...
 Stone Arrow              Conj/Erth      #.....       99%         3    ####...
 Force Lance              Conj/Tloc      #.......     100%        4    #####..
 Fulminant Prism          Conj/Hex       #.........   100%        4    #####..
 Ice Form                 Ice/Tmut       #.......     100%        4    #####..
 Iskenderun's Mystic Bla  Conj           #.......     100%        4    #####..
 Petrify                  Tmut/Erth      #.......     100%        4    #####..
 Summon Lightning Spire   Summ/Air       #.......     100%        4    #####..
 Fireball                 Conj/Fire      #.........   100%        5    ######.
 Lee's Rapid Deconstruct  Erth           #.........   100%        5    ######.
 Metabolic Englaciation   Hex/Ice        #.........   100%        5    ######.
 Silence                  Hex/Air        #.........   100%        5    ######.
 Bolt of Cold             Conj/Ice       #.........   100%        6    #######
 Bolt of Fire             Conj/Fire      #.........   100%        6    #######
 Conjure Ball Lightning   Conj/Air       #.........   100%        6    #######
 Deflect Missiles         Chrm/Air       #.........   100%        6    #######
 Freezing Cloud           Conj/Ice/Air   #.........   100%        6    #######
 Ozocubu's Refrigeration  Ice            #.........   100%        6    #######
 Simulacrum               Ice/Necr       #.........   100%        6    #######
 Ring of Flames           Chrm/Fire      #.........   100%        7    #######
 Ignition                 Fire           #.........   100%        8    #######
 Tornado                  Air            #.........   100%        9    #######


Dungeon Overview and Level Annotations

Branches:
Dungeon (15/15)            Temple (1/1) D:6            Lair (6/6) D:10
 Shoals (4/4) Lair:2        Snake (0/4) Lair:3        Slime (0/5) Lair:6
    Orc (2/2) D:9             Elf (0/3) Orc:2        Vaults (0/5) D:14
 Depths (0/5) D:15          IceCv (visited)         Gauntlet (visited)

Altars:
Ashenzari
Cheibriados
Dithmenos
Elyvilon
Fedhas
Gozag
Hepliaklqana
Kikubaaqudgha
Makhleb
Nemelex Xobeh
Okawaru
Qazlal
Ru
Sif Muna
Trog
Uskayaw
Vehumet
Wu Jian
Xom
Yredelemnul
Zin
The Shining One
Beogh

Shops:
D:5 *??[   Orc:1 [   Orc:2 }(:

Annotations:
D:3 2 transporters, Anerion's ghost, amateur TrMo
Shoals:3 exclusions: downstairs and kraken


Innate Abilities, Weirdness & Mutations

You have razor-sharp toenails.
A weak demonic guardian rushes to your aid.
You frequently emit foul miasma when damaged in melee.
You are immune to rotting.
Your movements are less encumbered by armour. (ER -4)
Your mind is acute. (Int +2)
Your muscles are strong. (Str +2)


Message History

Aim: a merfolk aquamancer, wieldin' a +0 rapier an' wearin' a +0 robe (heavily wounded) Yer demonic guardian avoids yer attack.
Tha mass o' ice 'splodes!
Tha iceblast 'ngulfs tha merfolk aquamancer!!
Tha merfolk aquamancer be almost dead.
Yer demonic guardian avoids yer attack.
* * * LOW HITPOINT WARNIN'
* * * Ye feel 'stremely sick.
Yer shadow imp gestures at tha merfolk aquamancer.
Tha merfolk aquamancer resists wit' almost nay effort.
Tha merfolk aquamancer hits yer shadow imp wit' a +0 rapier.
Yer shadow imp dies!
Evoke which item? (* ta show all) (? fer menu, 'sc ta quit) Aimin': Iceblast
Press: ? - help, Shift-Dir - straight line, f/p - merfolk aquamancer
Aim: a merfolk aquamancer, wieldin' a +0 rapier an' wearin' a +0 robe (almost dead, hasn't noticed ye) Tha mass o' ice 'splodes!
Tha iceblast 'ngulfs tha merfolk aquamancer!
Ye kill tha merfolk aquamancer!
Makhleb accepts yer kill.
Ye die...

......)≈≈≈≈≈≈..####≈##≈≈≈≈≈≈≈≈≈≈≈
.....≈≈≈≈≈≈≈≈..#######≈≈≈≈≈≈≈≈≈≈≈
....≈≈≈≈†≈≈...##.#.≈.###≈≈≈≈≈≈≈≈≈
.#≈#≈#≈#.....≈#...≈...##≈≈≈≈≈≈≈≈≈
≈#######.....###.#.#.###≈≈≈≈≈≈≈≈≈
**,,**,##≈...≈#≈≈...≈###≈≈≈≈≈≈≈≈≈
*,,,≈,,,##...##≈.#.#.≈##.≈≈≈≈≈≈≈≈
**,*,*,,#≈≈..##...≈...##.≈≈≈≈≈≈≈≈
*,≈,,,≈*#≈≈..##°@#≈#.##≈.≈≈≈≈≈≈≈≈
**,*,*,≈#≈....)#######..≈≈≈≈≈≈≈≈≈
*,,,≈,,,#......###≈≈##.≈≈≈≈≈≈≈≈≈≈
**,***,,##..........(.≈≈≈≈≈≈≈≈≈≈≈
,******#..............≈≈≈≈≈≈≈≈≈≈≈
,,*≈≈,*#.............≈≈≈≈≈≈≈≈≈≈≈≈
,,,,,,,.............≈≈≈≈≈≈≈≈≈≈≈≈≈
,,,,,,≈...........≈≈≈≈≈≈≈≈≈≈≈≈≈≈≈
,,,,,,,......≈≈≈≈≈≈≈≈≈≈≈≈≈≈≈≈≈≈≈≈


There were no monsters in sight!

Vanquished Creatures
  The ghost of zbzbzb the Bludgeoner, an adept DsGl of Okawaru (Shoals:2)
  4 krakens
  Gastronok (Lair:2)
  Kirke (D:12)
  Ilsuiw (Shoals:3)
  2 orc warlords
  An entropy weaver (D:12)
  A minotaur (Gauntlet)
  Azrael (D:12)
  2 merfolk javelineers
  2 ettins
  The ghost of pichaelthompson the Blocker, a journeyman GnFi of Okawaru (Orc:1)
  Josephine (D:14)
  3 fire dragons
  7 merfolk impalers
  2 catoblepae
  The ghost of bindersix the Basher, a journeyman DsSk of Okawaru (Lair:1)
  7 hydras
  7 merfolk avatars
  Erica (Orc:1)
  5 merfolk aquamancers
  4 centaur warriors
  An alligator snapping turtle (Shoals:2)
  A queen ant (D:12)
  4 satyrs
  4 orc high priests (Orc:2)
  11 death yaks
  5 two-headed ogres
  Urug (D:11)
  Nergalle (Lair:2)
  A soul eater (Gauntlet)
  5 skeletal warriors (D:15)
  A deep troll (Orc:1)
  12 sea snakes
  3 unseen horrors
  A swamp dragon (Lair:6)
  The ghost of heikuro the Shield-Bearer, a novice FoFi of Makhleb (D:4)
  11 harpies
  5 orc knights
  2 wolf spiders
  3 orc sorcerers (Orc:2)
  15 ugly things
  16 fauns
  2 necromancers
  8 cyclopes
  10 manticores
  A moth of wrath (Orc:1)
  10 merfolk sirens
  4 water nymphs
  A rust devil (Shoals:2)
  3 black mambas
  Maurice (D:9)
  3 elephants (Lair:5)
  An ice statue (IceCv)
  14 spiny frogs
  4 gargoyles
  2 rime drakes (Lair:6)
  5 komodo dragons
  8 freezing wraiths (IceCv)
  2 kobold demonologists (D:14)
  An efreet (D:13)
  9 trolls
  5 red devils (D:12)
  23 merfolk
  6 wind drakes
  A polar bear (Lair:5)
  5 slime creatures (D:12)
  13 hippogriffs
  A meliai zombie (D:12)
  6 blink frogs
  23 dream sheep
  10 snapping turtles
  Sigmund (D:2)
  A spriggan (D:7)
  19 water elementals
  3 wyverns
  3 fire elementals
  6 wraiths
  3 hogs (D:12)
  55 yaks
  6 basilisks
  Grum (Lair:1)
  A neqoxec (Gauntlet)
  A hungry ghost (D:10)
  3 steam dragons
  5 wargs
  2 vampire mosquitoes (D:12)
  3 nagas (Lair:3)
  An acid dragon (Lair:6)
  A death yak simulacrum (IceCv)
  3 hell hounds (D:13)
  11 soldier ants (D:12)
  15 water moccasins
  14 porcupines
  A swamp drake (Lair:6)
  41 orc warriors
  5 black bears
  12 ice beasts
  4 sky beasts
  2 phantoms
  19 ogres
  2 necrophages
  19 centaurs
  2 eyes of draining
  20 crocodiles
  15 wolves
  5 big kobolds
  15 bullfrogs
  A wyvern zombie (D:8)
  6 scorpions
  5 killer bees
  An elephant simulacrum (IceCv)
  A vampire bat (Lair:2)
  12 wights
  5 electric eels
  2 howler monkeys
  2 crimson imps
  5 centaur zombies
  6 centaur skeletons
  3 draconian simulacra (IceCv)
  28 orc priests
  5 hounds
  6 jellies
  23 orc wizards
  2 bullfrog skeletons (D:13)
  Jessica (D:6)
  A gnoll shaman (D:5)
  8 iguanas
  2 spriggan simulacra (IceCv)
  26 worker ants
  4 hell rats (Lair:6)
  4 polar bear simulacra
  2 yak simulacra (Lair:2)
  6 troll simulacra (IceCv)
  6 wolf simulacra
  4 centaur simulacra
  2 hound zombies
  3 worker ant zombies
  18 adders
  4 gnolls
  A howler monkey skeleton (D:9)
  2 hound simulacra (D:4)
  2 naga simulacra (IceCv)
  2 ogre simulacra (IceCv)
  5 shadow imps
  22 white imps
  3 oozes (Lair:6)
  An adder skeleton (D:7)
  5 worms
  3 dart slugs
  2 leopard geckos
  112 orcs
  8 bats
  5 giant cockroaches
  4 goblins
  6 hobgoblins
  12 jackals
  7 quokkas
  2 ball pythons
  7 frilled lizards
  14 kobolds
  A leopard gecko skeleton (D:4)
  A quokka skeleton (D:4)
  10 rats
  A river rat simulacrum (Lair:2)
  12 tentacles
1116 creatures vanquished.

Vanquished Creatures (collateral kills)
  Frances (D:13)
  Polyphemus (Shoals:2)
  An entropy weaver (D:12)
  A catoblepas (Shoals:2)
  A merfolk aquamancer (Shoals:4)
  An orc high priest (Orc:2)
  A wizard (D:12)
  A harpy (Shoals:2)
  An ugly thing (D:15)
  A faun (Shoals:1)
  A komodo dragon (Lair:1)
  2 freezing wraiths (IceCv)
  2 dream sheep
  A blink frog (Lair:1)
  2 water elementals (Shoals:4)
  A wyvern (Lair:2)
  4 yaks
  A warg (Orc:1)
  A phantom (D:6)
  A sky beast (D:6)
  A bullfrog (D:6)
  A wight (D:7)
  2 crimson imps
  An orc wizard (D:3)
  3 orc priests
  2 troll simulacra (IceCv)
  3 gnolls (D:5)
  An adder (Lair:2)
  2 white imps (Orc:1)
  An adder skeleton (D:9)
  11 orcs
  2 bats (D:3)
  A leopard gecko simulacrum (D:4)
57 creatures vanquished.

Vanquished Creatures (others)
  2 dancing weapons (D:14)
  A spiny frog (Lair:6)
  A human (D:13)
  An iguana (Lair:6)
  3 orcs
  2 bushes (D:10)
  8 fungi
  32 plants
  42 tentacles
92 creatures vanquished.

Grand Total: 1265 creatures vanquished

Notes
Turn   | Place    | Note
-------+----------+-------------------------------------------
     0 | D:1      | BoppinsLewinski the Demonspawn Gladiator began the quest
                  | for the Orb.
     0 | D:1      | Reached XP level 1. HP: 16/16 MP: 1/1
   184 | D:1      | Gained mutation: A weak demonic guardian rushes to your
                  | aid. [demonic ancestry]
   184 | D:1      | Reached XP level 2. HP: 22/22 MP: 2/2
   291 | D:1      | Reached skill level 3 in Staves
   870 | D:2      | Reached XP level 3. HP: 23/28 MP: 3/3
   992 | D:2      | Reached skill level 1 in Armour
  1102 | D:2      | Noticed Sigmund
  1118 | D:2      | Killed Sigmund
  1118 | D:2      | Reached skill level 4 in Staves
  1118 | D:2      | Reached XP level 4. HP: 20/35 MP: 4/4
  1118 | D:2      | Gained mutation: You are immune to rotting. [demonic
                  | ancestry]
  1118 | D:2      | Reached XP level 5. HP: 23/41 MP: 5/5
  2256 | D:3      | Reached XP level 6. HP: 13/47 MP: 6/6
  2544 | D:3      | You fall into a shaft and drop 1 floor!
  2782 | D:3      | Found a transporter.
  2786 | D:3      | Noticed Anerion's ghost (amateur TrMo)
  2788 | D:3      | Found a transporter.
  3196 | D:4      | Found a runed translucent gate.
  3196 | D:4      | Found a runed translucent gate.
  3196 | D:4      | Found a runed translucent gate.
  3233 | D:4      | Noticed heikuro's ghost (novice FoFi)
  3233 | D:4      | Noticed an ice beast
  3234 | D:4      | Noticed an ice beast
  3471 | D:5      | Entered Level 5 of the Dungeon
  3705 | D:4      | Reached skill level 5 in Staves
  3715 | D:4      | Killed an ice beast
  3715 | D:4      | Reached XP level 7. HP: 32/53 MP: 7/7
  3726 | D:4      | Killed heikuro's ghost
  3845 | D:4      | Reached skill level 6 in Staves
  3845 | D:4      | Gained mutation: Your movements are slightly less
                  | encumbered by armour. (ER -2) [demonic ancestry]
  3845 | D:4      | Reached XP level 8. HP: 41/61 MP: 8/8
  4036 | D:5      | Found Zarref's Armour Boutique.
  4130 | D:5      | Reached skill level 5 in Fighting
  4130 | D:5      | Reached skill level 5 in Dodging
  4240 | D:5      | Found Heul's Assorted Antiques.
  4304 | D:5      | Found Ysezocon's Magic Scroll Shoppe.
  4771 | D:5      | Found Uxor's Magic Scroll Shoppe.
  4966 | D:5      | Found Zaoz's Food Shop.
  5111 | D:6      | Reached skill level 7 in Staves
  5163 | D:6      | Found a burning altar of Makhleb.
  5405 | D:6      | Reached skill level 1 in Evocations
  5408 | D:6      | Gained mutation: You have sharp toenails. [demonic
                  | ancestry]
  5408 | D:6      | Reached XP level 9. HP: 68/68 MP: 9/9
  5548 | D:6      | Found a staircase to the Ecumenical Temple.
  5586 | Temple   | Entered the Ecumenical Temple
  5711 | Temple   | Became a worshipper of Gozag Ym Sagoz the Greedy
  5803 | D:6      | Noticed Jessica
  5806 | D:6      | Killed Jessica
  5812 | D:6      | Found a shimmering blue altar of Sif Muna.
  6321 | D:7      | Reached skill level 5 in Armour
  6337 | D:7      | Reached skill level 8 in Staves
  7564 | D:8      | Found a glowing silver altar of Zin.
  7819 | D:9      | Identified a scroll of acquirement
  7821 | D:9      | Found the +3 warlock's mirror {reflect}
  7844 | D:9      | Reached XP level 10. HP: 70/77 MP: 12/12
  7861 | D:9      | Noticed Maurice
  7868 | D:9      | Noticed a gargoyle
  7870 | D:9      | Killed Maurice
  7885 | D:9      | Killed a gargoyle
  7912 | D:9      | Reached skill level 9 in Staves
  8493 | D:9      | Found a staircase to the Orcish Mines.
  8586 | D:10     | Entered Level 10 of the Dungeon
  8663 | D:10     | Noticed Sonja
  8665 | D:10     | Sonja changed into something unseen
  8694 | D:10     | Killed Sonja the unseen horror
  8732 | D:10     | Reached skill level 5 in Evocations
  8931 | D:10     | Noticed a gargoyle
  8936 | D:10     | Killed a gargoyle
  8936 | D:10     | Gained mutation: Your movements are less encumbered by
                  | armour. (ER -4) [demonic ancestry]
  8936 | D:10     | Reached XP level 11. HP: 59/84 MP: 14/14
  9043 | D:10     | Reached skill level 10 in Staves
  9165 | D:10     | Found a staircase to the Lair.
 10283 | Lair:1   | Entered Level 1 of the Lair of Beasts
 10370 | Lair:1   | Noticed bindersix's ghost (journeyman DsSk)
 10377 | Lair:1   | Found a runed translucent gate.
 10381 | Lair:1   | Found a runed translucent gate.
 10384 | Lair:1   | Found a runed translucent gate.
 10630 | Lair:1   | You fall into a shaft and drop 1 floor!
 10981 | Lair:1   | Noticed Grum
 11009 | Lair:1   | Killed Grum
 11265 | Lair:1   | Reached skill level 11 in Staves
 11377 | Lair:2   | Noticed Gastronok
 11392 | Lair:2   | Killed Gastronok
 11392 | Lair:2   | Reached XP level 12. HP: 60/94 MP: 16/16
 11714 | Lair:2   | Noticed a five-headed hydra
 11725 | Lair:2   | Killed a five-headed hydra
 12062 | Lair:2   | Found a staircase to the Shoals.
 12293 | Lair:2   | Noticed a four-headed hydra
 12304 | Lair:2   | Killed a four-headed hydra
 13062 | Lair:2   | Noticed Nergalle
 13077 | Lair:2   | Killed Nergalle
 13217 | D:5      | Bought the +7 lajatang of Order {silver, rMut} for 1627
                  | gold pieces
 13217 | D:5      | Found the +7 lajatang of Order {silver, rMut}
 13238 | D:5      | Bought the +8 plate armour "Oghipal" {*Contam rF++ rCorr
                  | SInv} for 1192 gold pieces
 13284 | D:5      | Bought a ration for 50 gold pieces
 13284 | D:5      | Bought a ration for 50 gold pieces
 13284 | D:5      | Bought a ration for 50 gold pieces
 13284 | D:5      | Bought a ration for 50 gold pieces
 13284 | D:5      | Bought a ration for 50 gold pieces
 13284 | D:5      | Bought a ration for 50 gold pieces
 13284 | D:5      | Bought a ration for 50 gold pieces
 13284 | D:5      | Bought a ration for 50 gold pieces
 13284 | D:5      | Bought a ration for 50 gold pieces
 13284 | D:5      | Bought a ration for 50 gold pieces
 14067 | Lair:3   | Found a staircase to the Snake Pit.
 14208 | Lair:3   | Reached skill level 12 in Staves
 15320 | Lair:4   | Noticed a four-headed hydra
 15330 | Lair:4   | Killed a four-headed hydra
 15413 | Lair:4   | Gained mutation: You may emit foul miasma when damaged in
                  | melee. [demonic ancestry]
 15413 | Lair:4   | Reached XP level 13. HP: 97/101 MP: 18/18
 16936 | Lair:5   | Reached skill level 10 in Fighting
 17744 | Lair:6   | Entered Level 6 of the Lair of Beasts
 17775 | Lair:6   | Found a staircase to the Slime Pits.
 18025 | Lair:6   | Reached skill level 13 in Staves
 18935 | Lair:6   | Reached skill level 10 in Dodging
 19469 | Lair:6   | Reached XP level 14. HP: 111/111 MP: 20/20
 19809 | Orc:1    | Entered Level 1 of the Orcish Mines
 19939 | D:5      | Bought a scroll of magic mapping for 35 gold pieces
 20096 | Orc:1    | Found a transporter.
 20098 | Orc:1    | Identified the cursed +0 dire flail "Weju Xaj" {antimagic,
                  | rN+ Int+4 Dex-4 Stlth+}
 20100 | Orc:1    | Noticed pichaelthompson's ghost (journeyman GnFi)
 20103 | Orc:1    | Found a bloodstained altar of Trog.
 20108 | Orc:1    | Found a transporter.
 20133 | Orc:1    | Noticed an orc warlord
 20138 | Orc:1    | Found a frozen archway.
 20146 | IceCv    | Entered an ice cave
 21023 | IceCv    | Found an ancient bone altar of Kikubaaqudgha.
 21199 | IceCv    | Gained mutation: Your muscles are strong. (Str +2) [potion
                  | of mutation]
 21199 | IceCv    | Gained mutation: Your mind is acute. (Int +2) [potion of
                  | mutation]
 21785 | Orc:1    | Killed an orc warlord
 22015 | Orc:1    | Noticed Erica
 22030 | Orc:1    | Killed Erica
 22137 | Orc:2    | Entered Level 2 of the Orcish Mines
 22521 | Orc:2    | Reached skill level 10 in Armour
 22539 | Orc:2    | Found a roughly hewn altar of Beogh.
 22959 | Orc:2    | Found Meh Vadd's Distillery.
 22965 | Orc:2    | Reached skill level 14 in Staves
 22973 | Orc:2    | Found Xyivaq's Gadget Shoppe.
 23272 | Orc:2    | Found a staircase to the Elven Halls.
 23456 | Orc:2    | Reached skill level 10 in Evocations
 23503 | Orc:2    | Noticed an orc warlord
 23533 | Orc:2    | Killed an orc warlord
 23799 | Orc:2    | Found Axackudd's Book Shoppe.
 24361 | Orc:2    | Found Sonu Jeo's Antique Weapon Emporium.
 24398 | Orc:2    | Found a roughly hewn altar of Beogh.
 24837 | Orc:1    | Killed pichaelthompson's ghost
 24849 | Orc:1    | Gained mutation: You frequently emit foul miasma when
                  | damaged in melee. [demonic ancestry]
 24849 | Orc:1    | Reached XP level 15. HP: 119/119 MP: 15/22
 25150 | D:5      | Bought a wand of clouds (6) for 312 gold pieces
 25150 | D:5      | Bought a scroll of magic mapping for 91 gold pieces
 25285 | D:11     | Found a gate leading to a gauntlet.
 25293 | Gauntlet | Entered a Gauntlet
 25293 | Gauntlet | Found a transporter.
 25293 | Gauntlet | Found a transporter.
 25302 | Gauntlet | Found a transporter.
 25305 | Gauntlet | Found a transporter.
 25317 | Gauntlet | Found a transporter.
 25318 | Gauntlet | Found a transporter.
 25325 | Gauntlet | Found a transporter.
 25341 | Gauntlet | Found a transporter.
 25355 | Gauntlet | Found a transporter.
 25359 | Gauntlet | Found a transporter.
 25367 | Gauntlet | Found a transporter.
 25371 | Gauntlet | Found a transporter.
 25651 | Gauntlet | Got a bloodstained hat
 26233 | D:11     | Found a shadowy altar of Dithmenos.
 26590 | D:11     | Noticed Urug
 26600 | D:11     | Killed Urug
 27787 | D:12     | Identified the +0 hat of the Castellan {Slay+5} (You found
                  | it in a Gauntlet)
 27862 | D:13     | Found an iron altar of Okawaru.
 27946 | D:13     | Noticed Kirke
 27960 | D:12     | Reached skill level 15 in Staves
 28550 | D:12     | Killed Kirke
 28572 | D:13     | Noticed Azrael
 28585 | D:12     | Killed Azrael
 28903 | D:13     | Noticed Frances
 28917 | D:13     | Killed Frances
 29834 | D:14     | Found a gate to the Vaults.
 29917 | D:14     | Noticed Josephine
 29924 | D:14     | Killed Josephine
 29948 | D:14     | Found a shattered altar of Ashenzari.
 30064 | Lair:1   | Killed bindersix's ghost
 30379 | D:14     | You fall into a shaft and drop 1 floor!
 30379 | D:15     | Entered Level 15 of the Dungeon
 31053 | D:15     | Reached XP level 16. HP: 73/127 MP: 24/24
 31563 | D:15     | Found a staircase to the Depths.
 32117 | Shoals:1 | Entered Level 1 of the Shoals
 32355 | Shoals:1 | HP: 2/129 [harpy (12)]
 32941 | Shoals:1 | Reached skill level 16 in Staves
 32949 | Shoals:1 | HP: 2/129 [faun/+0 spear[a satyr] (10)]
 32954 | Shoals:1 | HP: 5/129 [poisoned by a sea snake]
 33924 | Shoals:2 | Noticed Polyphemus
 33980 | Shoals:2 | Found a runed translucent gate.
 33980 | Shoals:2 | Found a runed translucent gate.
 33980 | Shoals:2 | Found a runed translucent gate.
 34341 | Shoals:2 | Killed Polyphemus
 34389 | Shoals:2 | HP: 2/129 [water nymph/the raging water (30)]
 36133 | Shoals:2 | Gained mutation: You have razor-sharp toenails. [demonic
                  | ancestry]
 36133 | Shoals:2 | Reached XP level 17. HP: 79/136 MP: 26/26
 36429 | Shoals:2 | Noticed a kraken
 36632 | Shoals:2 | Killed a kraken
 37098 | Shoals:2 | Identified the +0 robe of Ihaydd {*Drain Str+3 Dex+4}
 37100 | Shoals:2 | Noticed zbzbzb's ghost (adept DsGl)
 37264 | Shoals:2 | Killed zbzbzb's ghost
 37331 | Shoals:2 | Got a pair of brightly glowing gloves
 37337 | Shoals:2 | Identified the +2 pair of gloves "Ekhlax" {Slay+3} (You
                  | found it on level 2 of the Shoals)
 37529 | D:5      | Bought a scroll of fog for 20 gold pieces
 37529 | D:5      | Bought a scroll of identify for 20 gold pieces
 37529 | D:5      | Bought a scroll of summoning for 95 gold pieces
 37531 | D:5      | Bought a scroll of identify for 20 gold pieces
 37531 | D:5      | Bought a scroll of identify for 20 gold pieces
 37724 | Orc:2    | Bought a box of beasts for 280 gold pieces
 37724 | Orc:2    | Bought a wand of disintegration (5) for 126 gold pieces
 37724 | Orc:2    | Bought a wand of acid (9) for 364 gold pieces
 37724 | Orc:2    | Bought a box of beasts for 280 gold pieces
 38075 | Temple   | Fell from the grace of Gozag
 38075 | Temple   | Became a worshipper of Makhleb the Destroyer
 38139 | D:5      | Bought a potion of agility for 104 gold pieces
 38440 | Shoals:3 | Noticed Ilsuiw
 38449 | Shoals:2 | Reached skill level 1 in Invocations
 39005 | Shoals:3 | Killed Ilsuiw
 39577 | Shoals:3 | Noticed a kraken
 39577 | Shoals:3 | Noticed a kraken
 39608 | Shoals:3 | Killed a kraken
 39653 | Shoals:3 | Noticed a kraken
 39655 | Shoals:3 | Noticed a kraken
 39670 | Shoals:3 | Killed a kraken
 39944 | Shoals:3 | Killed a kraken
 39944 | Shoals:3 | Reached skill level 5 in Invocations
 41021 | Shoals:4 | Entered Level 4 of the Shoals
 41763 | Shoals:4 | Reached * piety under Makhleb
 42093 | Shoals:4 | HP: 6/137 [poisoned by a merfolk impaler]
 42095 | Shoals:4 | HP: 2/137 [poisoned by a merfolk impaler]
 42938 | Shoals:4 | Succumbed to a sea snake's poison

Levels and vault maps discovered:
D:1:      beargit_arrival_greenhouse, layout_loops_ring
D:2:      layout_basic, uniq_sigmund
D:3:      layout_rooms, gammafunk_ghost_smash, first_ration
D:4:      layout_loops_ring, serial_rivers, chequers_serial_rivers_micro_b,
          chequers_serial_rivers_room_b, chequers_serial_rivers_micro_e,
          chequers_serial_rivers_micro_a, chequers_serial_rivers_small_b,
          gammafunk_ghost_icy
D:5:      layout_gridville, serial_shops, nicolae_shop_crystal,
          kennysheep_little_box, nicolae_shop_behind_doors, nicolae_shop_stone,
          kennysheep_mini, grunt_ministairs_15
D:6:      layout_rooms, temple_doors_cd, basic_altar, tgw_sif
D:7:      layout_loops_ring, the_bakery
D:8:      layout_basic, zin_statuary
D:9:      layout_roguey, erik_orc_2, uniq_maurice
D:10:     layout_basic, minmay_lair_entry_grove, uniq_sonja
D:11:     layout_gridville, gauntlet_entry_generic, grunt_dithmenos_smoke,
          uniq_urug
D:12:     cheibrodos_quadrivalence, layout_cave_pools, minmay_another_anthill
D:13:     layout_layer_cave, serial_park_tiny_1, okawaru_ov_weapons_minmay,
          uniq_azrael, uniq_kirke, uniq_frances
D:14:     layout_long_grid, erik_vaults_1, chequers_serial_rivers_micro_a,
          basic_altar, uniq_josephine
D:15:     grunt_enter_depths_hoard, layout_basic, serial_rivers,
          chequers_serial_rivers_large_a, chequers_serial_rivers_small_a,
          chequers_serial_rivers_small_3, chequers_serial_rivers_marsh,
          minmay_misc_feat_alley
Temple:   kilobyte_greek_temple
Lair:1:   layout_regular_city, gammafunk_ghost_split,
          infiniplex_staircase_pool_2, uniq_grum
Lair:2:   minmay_lair_venomous_thicket, layout_gridlike,
          minmay_shoals_entry_hut, minivault_19, roderic_batcave,
          eino_house_with_fridge, uniq_nergalle, uniq_gastronok
Lair:3:   layout_regular_city, guppyfry_snake_entry_garden, minivault_25,
          grunt_megastairs_2, serial_bayou_shore_a
Lair:4:   layout_small_grid, serial_bayou_shore_b, grunt_megastairs_4
Lair:5:   layout_roguey, grunt_megastairs_3
Lair:6:   guppyfry_lair_end_dragon, layout_cave_pods,
          nicolae_slime_entry_slimehenge, st_stairs_4, serial_bayou_lagoon_b
Shoals:1: layout_shoals
Shoals:2: cheibrodos_shoals_baths, layout_shoals, gammafunk_ghost_tricky_traps,
          uniq_polyphemus
Shoals:3: layout_shoals, nicolae_shoals_kraken_party, uniq_ilsuiw
Shoals:4: shoals_end_grunt_ice, layout_shoals
Orc:1:    layout_diamond_mine, gammafunk_ghost_wrathful_warriors,
          portal_ice_cave_entry_imps, uniq_erica
Orc:2:    pubby_orc_utopia

Skill      XL: |  1  2  3  4  5  6  7  8  9 10 11 12 13 14 15 16 17 |
---------------+----------------------------------------------------+-----
Staves         | 3 4 5 6 7 8 9 11 12 13 14 15 16 | 16.6
Dodging        | 3 4 5 6 7 8 9 10 11 12 | 12.9
Armour         | 1 2 3 4 5 6 7 8 9 10 11 12 | 12.5
Fighting       | 3 4 5 6 7 8 9 10 11 12 13 | 13.7
Evocations     | 1 3 5 6 7 9 10 11 12 | 12.7
Invocations    | 7 |  7.1
Throwing       | |  1.7

Action                   |  1- 3 |  4- 6 |  7- 9 | 10-12 | 13-15 | 16-18 || total
-------------------------+-------+-------+-------+-------+-------+-------++-------
Melee: Quarterstaff      |   109 |   133 |   362 |   629 |    30 |       ||  1263
       Unarmed           |     5 |     3 |       |       |       |       ||     8
       Kick              |       |       |    58 |   251 |   228 |       ||   537
       Lajatang          |       |       |       |   114 |  1324 |   675 ||  2113
Throw: Throwing net      |     2 |     4 |     1 |       |       |     4 ||    11
Invok: Potion Petition   |       |       |       |     1 |     1 |     4 ||     6
       Call Merchant     |       |       |       |       |     1 |       ||     1
 Abil: Evoke Berserk Rag |       |       |       |       |     5 |     9 ||    14
Evoke: Wand              |       |       |     2 |    27 |    38 |   106 ||   173
       Phial of floods   |       |       |       |       |     2 |     4 ||     6
       Phantom mirror    |       |       |       |       |       |     2 ||     2
       Fan of gales      |       |       |       |       |       |     1 ||     1
       Sack of spiders   |       |       |       |       |       |     1 ||     1
  Use: Potion            |     2 |     4 |     2 |     6 |    10 |    17 ||    41
       Scroll            |       |     3 |    15 |     5 |    11 |    19 ||    53
 Stab: Held in net/web   |     1 |       |       |       |       |       ||     1
       Distracted        |       |       |     2 |     4 |    17 |    16 ||    39
       Invisible         |       |       |       |     6 |     8 |     4 ||    18
       Paralysed         |       |       |       |    12 |     9 |     7 ||    28
       Confused          |       |       |       |       |     2 |       ||     2
  Eat: Chunk             |     1 |     4 |     3 |       |       |     9 ||    17
       Ration            |       |     1 |     3 |     8 |    16 |    11 ||    39
Armor: Leather armour    |    16 |       |       |       |       |       ||    16
       Ring mail         |     3 |     7 |    52 |       |       |       ||    62
       Chain mail        |    42 |    47 |       |       |       |       ||    89
       Skin              |     3 |       |       |       |       |       ||     3
       Plate armour      |       |       |    70 |   296 |   666 |   349 ||  1381
Dodge: Dodged            |    57 |    71 |   203 |   328 |   968 |   498 ||  2125

Table legend:
 A = Non-vault XP
 B = Vault XP
 C = Vault XP percentage of total XP
 D = Non-vault monster count
 E = Vault monster count
 F = Vault count percentage of total count
                 A         B        C        D         E       F
            +---------+---------+-------+---------+---------+-------
      Total |  162863 |  106785 |  39.6 |     718 |     445 |  38.3
            +---------+---------+-------+---------+---------+-------
        D:1 |      25 |       0 |   0.0 |      12 |       0 |   0.0
        D:2 |      58 |     220 |  79.1 |      25 |       1 |   3.8
        D:3 |     172 |       0 |   0.0 |      32 |       0 |   0.0
        D:4 |     118 |     838 |  87.7 |       6 |       7 |  53.8
        D:5 |     546 |     261 |  32.3 |      31 |       2 |   6.1
        D:6 |     878 |      37 |   4.0 |      24 |       1 |   4.0
        D:7 |     825 |     211 |  20.4 |      17 |       1 |   5.6
        D:8 |    1256 |       0 |   0.0 |      27 |       0 |   0.0
        D:9 |    1893 |    1255 |  39.9 |      32 |      23 |  41.8
       D:10 |    4771 |    2582 |  35.1 |      37 |      13 |  26.0
       D:11 |    6248 |     851 |  12.0 |      32 |       1 |   3.0
       D:12 |    8051 |   11365 |  58.5 |      49 |      43 |  46.7
       D:13 |    6352 |    1862 |  22.7 |      24 |       5 |  17.2
       D:14 |    3562 |    3534 |  49.8 |      23 |       6 |  20.7
       D:15 |   18451 |    2120 |  10.3 |      46 |       2 |   4.2
     Lair:1 |    4043 |    2274 |  36.0 |      24 |      10 |  29.4
     Lair:2 |    4541 |    5211 |  53.4 |      17 |      33 |  66.0
     Lair:3 |    4901 |     782 |  13.8 |      21 |       5 |  19.2
     Lair:4 |    3247 |    1083 |  25.0 |      13 |       2 |  13.3
     Lair:5 |   14815 |     984 |   6.2 |      43 |       5 |  10.4
     Lair:6 |    6972 |    3405 |  32.8 |      29 |      18 |  38.3
   Shoals:1 |   18607 |     872 |   4.5 |      36 |       1 |   2.7
   Shoals:2 |   25705 |   15085 |  37.0 |      52 |      23 |  30.7
   Shoals:3 |   12187 |    9692 |  44.3 |      25 |       6 |  19.4
   Shoals:4 |   10323 |    6051 |  37.0 |      20 |      13 |  39.4
      Orc:1 |    4316 |    4925 |  53.3 |      21 |      20 |  48.8
      Orc:2 |       0 |   21519 | 100.0 |       0 |     143 | 100.0
      IceCv |       0 |    6153 | 100.0 |       0 |      54 | 100.0
   Gauntlet |       0 |    3613 | 100.0 |       0 |       7 | 100.0
            +---------+---------+-------+---------+---------+-------
